 Dungeon Crawl Stone Soup version 0.28-a0-664-gc179e30c89 (webtiles) character file.

Game seed: 7975029534095726884

5957 funkygono the Arsonist (level 10, -3/52 HPs)
             Began as a Gargoyle Fire Elementalist on Oct 16, 2021.
             Was a Believer of Vehumet.
             Slain by a death yak (19 damage)
             ... on level 8 of the Dungeon.
             The game lasted 00:26:03 (11490 turns).

funkygono the Arsonist (GrFE)                      Turns: 11490, Time: 00:26:03

Health: -3/52      AC: 14    Str: 11    XL:     10   Next: 84%
Magic:  3/23       EV: 12    Int: 20    God:    Vehumet [**....]
Gold:   1602       SH:  0    Dex: 10    Spells: 12/28 levels left

rFire   + + .      SeeInvis +   n - +2 morningstar (protect)
rCold   x . .      Faith    .   (no shield)
rNeg    + . .      Spirit   .   y - +2 robe {rF+}
rPois   ∞          Reflect  .   l - +2 hat {SInv}
rElec   +          Harm     .   G - +0 cloak
rCorr   .          Rampage  .   (no gloves)
Will    .....                   (no boots)
Stlth   ++........              (no amulet)
HPRegen 0.17/turn               k - ring of fire
MPRegen 0.18/turn               c - ring of wizardry

@: no status effects
A: sickness immunity, AC +7, negative energy resistance 1, electricity
resistance, torment resistance 1, petrification resistance
a: Renounce Religion


You were on level 8 of the Dungeon.
You worshipped Vehumet.
Vehumet was pleased with you.
You visited 1 branch of the dungeon, and saw 9 of its levels.
You also visited: Ossuary.

You collected 1602 gold pieces.

Inventory:

Hand Weapons
 h - a +2 morningstar
 n - a +2 morningstar of protection (weapon)
 D - a +2 flail of holy wrath
Armour
 j - a +0 ring mail of cold resistance
 l - a +2 hat of see invisible (worn)
 y - a +2 robe of fire resistance (worn)
 z - a +1 leather armour of willpower
 G - a +0 cloak (worn)
Magical Staves
 F - a staff of cold
Jewellery
 c - a ring of wizardry (right hand)
 k - a ring of fire (left hand)
Wands
 a - a wand of acid (9)
 x - a wand of flame (14)
 B - a wand of iceblast (18)
Scrolls
 b - 3 scrolls of fear
 i - 8 scrolls of teleportation
 t - a scroll of immolation
 C - a scroll of magic mapping
 E - a scroll of amnesia
Potions
 f - a potion of ambrosia
 g - 3 potions of curing
 m - 3 potions of cancellation
 o - 2 potions of heal wounds
 p - a potion of flight {unknown}
 q - 4 potions of attraction
 r - 2 potions of haste {unknown}
 s - 3 potions of might {unknown}
 u - 5 potions of magic {unknown}
 v - a potion of degeneration {unknown}
 w - a potion of resistance


   Skills:
 + Level 1.5 Fighting
 + Level 2.1 Maces & Flails
 + Level 2.9 Dodging
 - Level 2.1 Stealth
 * Level 9.5 Spellcasting
 * Level 7.9 Conjurations
 * Level 9.6 Fire Magic


You had 12 spell levels left.
You knew the following spells:

 Your Spells              Type           Power      Damage    Failure   Level
a - Foxfire               Conj/Fire      100%       2x1d9     1%          1
b - Scorch                Fire           100%       2d10      1%          2
c - Conjure Flame         Conj/Fire      61%        6-21      1%          3
d - Flame Wave            Conj/Fire      61%        3d11      1%          4
e - Fireball              Conj/Fire      30%        3d13      2%          5
f - Shock                 Conj/Air       100%       1d9       1%          1

Your spell library contained the following spells:

 Spells                   Type           Power      Damage    Failure   Level
 Magic Dart               Conj           100%       1d8       1%          1
 Inner Flame              Hex/Fire       43%        N/A       1%          3
 Summon Small Mammal      Summ           36%        N/A       3%          1
 Iskenderun's Battlesphe  Conj           41%        2d9       3%          5
 Call Canine Familiar     Summ           9%         N/A       9%          3
 Summon Guardian Golem    Hex/Summ       9%         N/A       9%          3
 Conjure Ball Lightning   Conj/Air       12%        3x3d6     61%         6
 Orb of Destruction       Conj           20%        9d9       65%         7


Dungeon Overview and Level Annotations

Branches:
Dungeon (9/15)             Temple (0/1) D:7         Ossuary (visited)
   Lair: D:8-11         Orc: D:9-12

Altars:
Cheibriados
Elyvilon
Hepliaklqana
Kikubaaqudgha
Qazlal
Ru
Trog
Uskayaw
Vehumet
Yredelemnul
The Shining One

Shops:
D:1 =

Annotations:
D:3 2 transporters, sn0wgr3's ghost, amateur MiFi


Innate Abilities, Weirdness & Mutations

You are immune to sickness and miasma.
Your stone body is resilient. (AC +7)
You are immune to poison.
You resist negative energy. (rN+)
You are resistant to electric shocks. (rElec)
You are resistant to unholy torment.
You are immune to petrification.


Message History

The death yak barely misses you.
Unknown command.
Casting: Scorch (safe; 1% risk of failure)
Confirm with . or Enter, or press ? or * to list all spells.
You feel a surge of power!
Flames lash the death yak.
The death yak is severely wounded.
The death yak's fire resistance burns away.
The death yak gores you!
Unknown command.
Casting: Scorch (safe; 1% risk of failure)
Confirm with . or Enter, or press ? or * to list all spells.
You feel a surge of power!
Flames lash the death yak.
The death yak is burned terribly!
The death yak is almost dead.
The death yak gores you!
The death yak is no longer more vulnerable to fire.
Casting: Scorch (safe; 1% risk of failure)
Confirm with . or Enter, or press ? or * to list all spells.
You feel a surge of power!
Flames lash the death yak.
The death yak is almost dead.
The death yak's fire resistance burns away.
The death yak gores you!
* * * LOW HITPOINT WARNING * * *
The death yak is no longer more vulnerable to fire.
Casting: Scorch (safe; 1% risk of failure)
Confirm with . or Enter, or press ? or * to list all spells.
You feel a surge of power!
Flames lash the death yak but do no damage.
The death yak misses you.
Unknown command.
Casting: Scorch (safe; 1% risk of failure)
Confirm with . or Enter, or press ? or * to list all spells.
You feel a surge of power!
Flames lash the death yak.
The death yak is almost dead.
The death yak's fire resistance burns away.
The death yak gores you.
* * * LOW HITPOINT WARNING * * *
The death yak is no longer more vulnerable to fire.
The death yak gores you!!
You die...

### #.# ###### #.###########
#..... #...........# #.####
###.#########.######## #.#
#..........Y@........# #.#
#######..####.######.# #.#
#..# #.# #.# #.# #..# #.#
##.###.#### ######..# #.#
#>......... #.......# #.#
#..........
#.###...####.######.#####.##
#.# #......................#
#.# #...########.........##.


You could see a death yak.

Vanquished Creatures
  2 death yaks (D:9)
  Maurice (D:8)
  A hornet (D:8)
  2 wyverns (D:8)
  4 yaks (D:8)
  Eustachio (D:4)
  3 water moccasins
  An ice beast (D:6)
  2 orc warriors
  A sky beast (D:7)
  A black bear (D:6)
  2 ogres
  A necrophage (D:4)
  3 centaurs
  A phantom (D:7)
  A kobold brigand (D:7)
  3 gnoll sergeants
  2 scorpions
  A bullfrog (D:8)
  4 killer bees (D:8)
  4 wights (D:8)
  5 howler monkeys
  A centaur zombie (D:7)
  A centaur skeleton (D:7)
  2 jellies
  3 orc priests
  A hound (D:4)
  An iron imp (D:8)
  An iguana (D:5)
  3 orc wizards
  A howler monkey zombie (D:8)
  8 mummies (Ossuary)
  21 gnolls
  13 adders
  A white imp (D:8)
  2 ufetubi
  An adder skeleton (D:5)
  21 orcs
  3 endoplasms
  2 giant cockroaches
  2 gnoll zombies (Ossuary)
  10 goblins
  7 hobgoblins
  3 jackals (D:4)
  8 kobolds
  3 quokkas
  4 ball pythons
  2 bats
  9 frilled lizards
  2 hobgoblin zombies (Ossuary)
  3 kobold zombies (Ossuary)
  An orc zombie (Ossuary)
  9 rats
195 creatures vanquished.

Vanquished Creatures (collateral kills)
  A foxfire (D:7)
1 creature vanquished.

Vanquished Creatures (others)
  789 foxfires
  6 fungi (D:7)
  A plant (D:5)
796 creatures vanquished.

Grand Total: 992 creatures vanquished

Notes
Turn   | Place    | Note
-------+----------+-------------------------------------------
     0 | D:1      | funkygono the Gargoyle Fire Elementalist began the quest
                  | for the Orb.
     0 | D:1      | Reached XP level 1. HP: 10/10 MP: 3/3
    75 | D:1      | Found Meupew's Jewellery Shop.
   363 | D:1      | Reached XP level 2. HP: 15/15 MP: 1/5
  1374 | D:2      | Reached XP level 3. HP: 19/19 MP: 1/6
  1377 | D:2      | Learned a level 2 spell: Scorch
  1381 | D:2      | Learned a level 3 spell: Conjure Flame
  1799 | D:2      | Reached XP level 4. HP: 24/24 MP: 3/8
  2133 | D:2      | Identified 2 scrolls of acquirement
  2133 | D:2      | Acquired a ring of wizardry
  2140 | D:2      | Acquired 814 gold pieces
  2333 | D:3      | Reached XP level 5. HP: 27/28 MP: 1/9
  2470 | D:3      | Found a faded altar of an unknown god.
  2561 | D:3      | Noticed sn0wgr3's ghost (amateur MiFi)
  2946 | D:3      | Found a transporter.
  2951 | D:3      | Found a transporter.
  2977 | D:3      | Noticed a +0 dagger
  2977 | D:3      | Noticed a +0 falchion
  2977 | D:3      | Noticed a +0 spear
  2977 | D:3      | Noticed a +0 falchion
  2977 | D:3      | Noticed a +0 dagger
  2987 | D:3      | Found a hide-covered altar of Uskayaw.
  2988 | D:3      | Noticed a +0 spear
  2989 | D:3      | Noticed a +0 short sword
  2990 | D:3      | Noticed a +0 short sword
  3364 | D:3      | Learned a level 4 spell: Flame Wave
  3426 | D:4      | Noticed Eustachio
  3686 | D:4      | Noticed a necrophage
  3698 | D:4      | Killed Eustachio
  3699 | D:4      | Reached XP level 6. HP: 19/32 MP: 1/12
  3700 | D:4      | Killed a necrophage
  3767 | D:4      | Found a white marble altar of Elyvilon.
  3868 | D:4      | Reached XP level 7. HP: 37/37 MP: 11/13
  3874 | D:4      | Found a basalt altar of Yredelemnul.
  3981 | D:4      | Found a sand-covered staircase.
  3990 | D:4      | Reached skill level 5 in Fire Magic
  4069 | Ossuary  | Entered an ossuary
  5210 | D:4      | Learned a level 5 spell: Fireball
  5213 | D:5      | Entered Level 5 of the Dungeon
  5226 | D:5      | Reached skill level 5 in Spellcasting
  5365 | D:5      | Found an ancient bone altar of Kikubaaqudgha.
  5436 | D:5      | Found a sacrificial altar of Ru.
  5495 | D:5      | Reached XP level 8. HP: 42/42 MP: 4/15
  5645 | D:5      | Found a hazy altar of Hepliaklqana.
  5646 | D:5      | Found a faded altar of an unknown god.
  5648 | D:5      | Found a faded altar of an unknown god.
  5978 | D:5      | Found a glowing golden altar of the Shining One.
  6207 | D:5      | Found a radiant altar of Vehumet.
  6213 | D:5      | Became a worshipper of Vehumet
  6701 | D:6      | Reached skill level 5 in Conjurations
  7743 | D:6      | Reached XP level 9. HP: 46/46 MP: 10/19
  8224 | D:7      | Found a bloodstained altar of Trog.
  8380 | D:7      | Found a stormy altar of Qazlal.
  8442 | D:7      | Reached * piety under Vehumet
  8442 | D:7      | Offered knowledge of Shock by Vehumet.
  8475 | D:6      | Reached skill level 1 in Maces & Flails
  9206 | D:7      | Found a staircase to the Ecumenical Temple.
  9281 | D:7      | Reached skill level 1 in Fighting
  9437 | D:7      | Learned a level 1 spell: Shock
  9592 | D:8      | Identified the +10 hand crossbow "Undertaker" {penet,
                  | Int+6}
  9966 | D:8      | Noticed a hornet
  9971 | D:8      | Killed a hornet
  9971 | D:8      | Offered knowledge of Magic Dart by Vehumet.
  9972 | D:8      | Reached XP level 10. HP: 52/52 MP: 15/22
 10023 | D:8      | Noticed Maurice
 10629 | D:8      | Reached ** piety under Vehumet
 10724 | D:8      | Found a snail-covered altar of Cheibriados.
 11180 | D:8      | Killed Maurice
 11379 | D:9      | Noticed a death yak
 11384 | D:9      | Noticed a death yak
 11386 | D:9      | Noticed a death yak
 11400 | D:9      | Killed a death yak
 11404 | D:9      | Killed a death yak
 11404 | D:9      | HP: 2/52 [death yak (10)]
 11490 | D:8      | Slain by a death yak

Illustrated notes

Levels and vault maps discovered:
D:1:      psy_arrival_terrarium, layout_basic, serial_shops,
          nicolae_shop_window_shopping, serial_aquarium, aquarium_bridge_square
          [aquarium_subvault_bridge, aquarium_subvault_bridge,
          aquarium_subvault_balcony, aquarium_subvault_window],
          aquarium_bridge_straight [aquarium_subvault_bridge,
          aquarium_subvault_window, aquarium_subvault_bridge,
          aquarium_subvault_wall], aquarium_window_1,
          aquarium_window_corridor_3, aquarium_window_fake, aquarium_view_2e
D:2:      layout_loops_ring, minmay_cut_off
D:3:      layout_basic, nicolae_uskayaw_en_pointe, gammafunk_ghost_arena,
          hellmonk_ecumenical_altar_lost_god
D:4:      layout_loops_ring, amcnicky_altar_gilded, elyvilon_altar_5,
          nicolae_ossuary_entry_false_entrances, kennysheep_generic_room_16,
          uniq_eustachio
D:5:      layout_gridville, nicolae_vehumet_altar_sigil,
          nicolae_hepliaklqana_ecumenical_no_more, mainiacjoe_overflow_alcove_4,
          general_overflow_altar, mainiacjoe_overflow_alcove_2, serial_rivers,
          chequers_serial_rivers_small_b, chequers_serial_rivers_marsh,
          chequers_serial_rivers_micro_e, chequers_serial_rivers_large_a,
          chequers_serial_rivers_small_b, chequers_serial_rivers_small_a
D:6:      layout_loops_ring
D:7:      layout_cave_pools, mainiacjoe_overflow_boulevard,
          grunt_qazlal_sundering, minmay_temple_entry_junction,
          minmay_misc_feat_roman
D:8:      layout_basic, slow_altar_2, serial_curves, eino_curves_03,
          eino_curves_01, uniq_maurice
D:9:      gammafunk_wand_slinger, layout_gridville, dpeg_lair_monsters,
          hellmonk_guarded_unrand_cigotuvi

Skill      XL: |  1  2  3  4  5  6  7  8  9 10 |
---------------+-------------------------------+-----
Conjurations   | 2 3 4 5 6 7 |  7.9
Spellcasting   | 3 4 5 6 8 9 |  9.5
Fire Magic     | 4 5 7 8 9 |  9.6
Dodging        | 2 |  2.9
Maces & Flails | 1 2 |  2.1
Fighting       | 1 |  1.5
Stealth        | |  2.1

Action                   |  1- 3 |  4- 6 |  7- 9 | 10-12 || total
-------------------------+-------+-------+-------+-------++-------
Melee: Unarmed           |     3 |       |       |       ||     3
       Club              |     8 |     6 |       |       ||    14
       Morningstar       |       |    10 |    22 |    21 ||    53
 Cast: Foxfire           |    55 |    63 |   275 |    69 ||   462
       Scorch            |     1 |     9 |    37 |    22 ||    69
       Flame Wave        |       |       |     5 |     3 ||     8
       Conjure Flame     |       |       |     2 |     1 ||     3
  Use: Scroll            |       |    10 |     4 |     2 ||    16
       Potion            |       |       |       |     3 ||     3
Armor: Robe              |     4 |    33 |    60 |    18 ||   115
Dodge: Dodged            |    11 |    55 |    72 |    21 ||   159

Table legend: (Time is in decaauts)
 A = Elapsed time spent in this place.
 B = Non-inter-level travel time spent in this place.
 C = Inter-level travel time spent in this place.
 D = Time resting spent in this place.
 E = Time spent auto-exploring this place.
 F = Levels seen in this place.
 G = Mean time per level.
                   A        B        C        D        E       F      G
               +--------+--------+--------+--------+--------+-----+--------+
         Total |  11537 |  11335 |    202 |   1607 |   7482 |  10 | 1153.7 |
       Dungeon |  10888 |  10686 |    202 |   1444 |   7112 |   9 | 1209.8 |
       Ossuary |    648 |    648 |      0 |    163 |    370 |   1 |  648.0 |
               +--------+--------+--------+--------+--------+-----+--------+

Top non-repeatable levels by time:
     D:8: 1901 daAuts
     D:6: 1589 daAuts
     D:5: 1564 daAuts
     D:3: 1398 daAuts
     D:7: 1187 daAuts
     D:1: 1118 daAuts
     D:2: 1046 daAuts
     D:4: 1008 daAuts
 Ossuary: 648 daAuts
     D:9: 74 daAuts
